 Dungeon Crawl Stone Soup version 0.25.1-9-gc5326a611f (webtiles) character file.

Game seed: 16782087216451554037

12747 tsbored the Reanimator (level 11, 0/96 HPs)
             Began as a Deep Dwarf Necromancer on Dec 30, 2020.
             Was an Elder of Makhleb.
             Slain by a freezing wraith (7 damage)
             ... led by a death knight
             ... on level 11 of the Dungeon.
             The game lasted 01:17:12 (15623 turns).

tsbored the Reanimator (Deep Dwarf Necromancer)    Turns: 15623, Time: 01:17:12

Health: 0/96       AC: 20    Str: 13    XL:     11   Next: 66%
Magic:  6/31 (22)  EV: 13    Int: 18    God:    Makhleb [****..]
Gold:   1141       SH:  0    Dex: 13    Spells: 16/25 levels left

rFire    . . .     SeeInvis .   o - +2 falchion (protect)
rCold    . . .     Gourm    .   (no shield)
rNeg     + . .     Faith    .   K - +5 ring mail of Miufov {rN+}
rPois    .         Spirit   .   (no helmet)
rElec    .         Reflect  .   y - +0 cloak
rCorr    .         Harm     .   m - +0 pair of gloves
MR       .....                  (no boots)
Stlth    +.........             O - amulet of the acrobat
HPRegen  0.00/turn              R - +4 ring of slaying
MPRegen  0.22/turn              N - ring of magical power

@: vulnerable, protection aura, non-regenerating
A: damage resistance, heal wounds, sense surroundings 2, no regeneration
a: Heal Wounds, Minor Destruction, Lesser Servant of Makhleb, Major Destruction,
Renounce Religion


You were on level 11 of the Dungeon.
You worshipped Makhleb.
Makhleb was greatly pleased with you.
You were not hungry.

You visited 2 branches of the dungeon, and saw 13 of its levels.
You also visited: Sewer and Bailey.

You collected 1141 gold pieces.

Inventory:

Hand Weapons
 o - a +2 falchion of protection (weapon)
 E - a +1 dagger of venom
 H - a +0 great sword
Missiles
 p - a throwing net (quivered)
 G - 4 boomerangs of dispersal
 L - 8 datura-tipped darts
Armour
 m - a +0 pair of gloves (worn)
 y - a +0 cloak (worn)
 K - the +5 ring mail of Miufov (worn) {rN+}
   (You found it on level 6 of the Dungeon)

   It protects you from negative energy.
Magical Staves
 V - an uncursed staff of conjuration
Jewellery
 d - an uncursed ring of poison resistance
 f - a +6 ring of dexterity
 l - an uncursed ring of fire
 N - a ring of magical power (right hand)
 O - an amulet of the acrobat (around neck)
 R - a +4 ring of slaying (left hand)
 T - an uncursed ring of flight
 Y - an uncursed ring of ice
Wands
 D - a wand of iceblast (11)
 I - a wand of flame (16)
 J - a wand of enslavement (12)
 Q - a wand of polymorph (5)
 U - a wand of disintegration (9)
Scrolls
 a - a scroll of identify
 e - a scroll of noise {unknown}
 g - 6 scrolls of enchant armour
 h - 12 scrolls of teleportation
 i - 6 scrolls of immolation
 k - 8 scrolls of remove curse
 n - 5 scrolls of fog
 q - a scroll of blinking {unknown}
 x - 5 scrolls of magic mapping
Potions
 b - 3 potions of cancellation
 j - a potion of flight {unknown}
 s - 2 potions of haste
 t - a potion of brilliance
 u - a potion of magic
 v - 3 potions of lignification
 w - 3 potions of curing
 z - a potion of might {unknown}
 B - 3 potions of heal wounds
Miscellaneous
 X - a tin of tremorstones (3/3)
Comestibles
 c - 14 rations


   Skills:
 + Level 5.3 Fighting
 + Level 6.6 Long Blades
 + Level 6.1 Armour
 + Level 6.3 Dodging
 - Level 2.4 Stealth
 + Level 7.9 Spellcasting
 + Level 10.9 Necromancy
 + Level 8.8 Invocations


You had 16 spell levels left.
You knew the following spells:

 Your Spells              Type           Power        Failure   Level  Hunger
a - Pain                  Necr           ####         1%          1    None
b - Vampiric Draining     Necr           #####.....   1%          3    #......
c - Agony                 Necr           #####...     6%          5    #####..

Your spell library contained the following spells:

 Spells                   Type           Power        Failure   Level  Hunger
 Animate Skeleton         Necr           N/A          1%          1    None
 Animate Dead             Necr           N/A          2%          4    ###....
 Freeze                   Ice            #...         19%         1    None
 Frozen Ramparts          Ice            #.....       50%         3    #......
 Ozocubu's Armour         Chrm/Ice       #.......     50%         3    #......
 Hailstorm                Conj/Ice       #.......     88%         4    ###....
 Summon Ice Beast         Ice/Summ       #.......     88%         4    ###....


Dungeon Overview and Level Annotations

Branches:
Dungeon (12/15)            Temple (1/1) D:6            Lair (0/6) D:9
    Orc (0/2) D:10          Sewer (visited)          Bailey (visited)

Altars:
Ashenzari
Cheibriados
Dithmenos
Elyvilon
Fedhas
Gozag
Hepliaklqana
Kikubaaqudgha
Makhleb
Nemelex Xobeh
Okawaru
Qazlal
Ru
Sif Muna
Trog
Uskayaw
Vehumet
Wu Jian
Xom
Yredelemnul
Zin
The Shining One
Lugonu

Shops:
D:8 [

Annotations:
D:6 2 runed translucent doors, Greyn's ghost, novice TrFi
D:9 3 runed translucent doors, 0gre's ghost, novice MiBe


Innate Abilities, Weirdness & Mutations

You are resistant to damage.
You can heal yourself by infusing magical energy.
You passively map the area around you.
You do not regenerate.


Message History

Casting: Vampiric Draining (safe; 1% risk of failure)
Confirm with . or Enter, or press ? or * to list all spells.
Aiming: Vampiric Draining (safe; 1% risk of failure)
Press: ? - help, Shift-Dir - straight line, f/p - death knight
Aim: a death knight, wielding a +0 battleaxe and wearing a +0 chain mail (almost dead, reflecting injuries)
You kill the death knight!
Makhleb accepts your kill.
You feel life coursing into your body.
Your damage is reflected back at you!
The phantasmal warrior hits you.
* * * LOW HITPOINT WARNING * * *
You hit the phantasmal warrior but do no damage.
Your weapon exudes an aura of protection.
The phantasmal warrior hits you!
* * * LOW HITPOINT WARNING * * *
The freezing wraith hits you.
* * * LOW HITPOINT WARNING * * *
The freezing wraith freezes you!
* * * LOW HITPOINT WARNING * * *
The freezing wraith hits you!
You die...

.........#, ,
#...# #.#
###'####.#
#...# #.# ,
.. , ,
##..######.#
, , ' * ,
,#.........#*
, *, ,
#..........#
* * ,
#..........#
. , , ,
#..........#
. *
#W#####....#
, , , #@#
'....# * ,
#W# ,.#....#
, , * #W# ,
#....# , , ,
,,#.# * * * *
, ,#...Wp...*
, , ,
#......##* ,,
, * *#......#
** ,, ,
.......# , ,
.......#


You could see a phantasmal warrior, a freezing wraith and a wraith.

Vanquished Creatures
  Fannar (D:11)
  A two-headed ogre (D:10)
  A death knight (D:11)
  An orc knight (Bailey)
  An ugly thing (D:11)
  Psyche (D:11)
  A troll (D:10)
  Prince Ribbit (D:6)
  A hippogriff (D:9)
  10 yaks
  A wyvern (D:8)
  4 hogs (D:7)
  A human (D:7)
  2 hungry ghosts (D:11)
  Edmund (D:6)
  2 water moccasins (D:7)
  12 orc warriors
  5 ice beasts
  2 phantoms
  A sky beast (D:6)
  4 ogres
  9 centaurs
  A wyvern zombie (D:10)
  7 bullfrogs
  3 scorpions
  10 killer bees
  3 wights (D:11)
  A crimson imp (D:10)
  8 howler monkeys
  A quasit (D:5)
  2 centaur skeletons
  3 jellies
  6 hounds
  11 orc priests
  A gnoll shaman (D:10)
  A bullfrog skeleton (D:7)
  3 iguanas
  12 orc wizards
  5 worker ants
  A hound zombie (D:10)
  3 worker ant zombies
  14 adders
  11 gnolls
  4 river rats (Sewer)
  2 shadow imps (D:9)
  4 oozes
  9 worms
  A dart slug (D:1)
  4 leopard geckos
  58 orcs
  3 giant cockroaches
  12 goblins
  17 hobgoblins
  3 jackals (D:5)
  7 quokkas
  9 ball pythons (Sewer)
  6 bats
  9 frilled lizards
  A jackal zombie (D:7)
  22 kobolds
  A leopard gecko skeleton (D:8)
  A quokka zombie (D:10)
  31 rats
374 creatures vanquished.

Notes
Turn   | Place    | Note
-------+----------+-------------------------------------------
     0 | D:1      | tsbored the Deep Dwarf Necromancer began the quest for the
                  | Orb.
     0 | D:1      | Reached XP level 1. HP: 15/15 MP: 3/3
   304 | D:1      | Reached XP level 2. HP: 16/22 MP: 1/5
   979 | D:2      | Reached skill level 5 in Necromancy
   979 | D:2      | Reached XP level 3. HP: 20/28 MP: 1/6
   984 | D:2      | Learned a level 3 spell: Vampiric Draining
  1664 | D:2      | Reached XP level 4. HP: 32/36 MP: 5/8
  1978 | D:2      | Found a bloodstained altar of Trog.
  2104 | D:2      | Found a shattered altar of Ashenzari.
  2268 | D:3      | Reached XP level 5. HP: 31/42 MP: 0/10
  2701 | D:3      | Reached skill level 6 in Necromancy
  3495 | D:4      | Found a glowing drain.
  3507 | Sewer    | Entered a sewer
  4120 | Sewer    | Reached XP level 6. HP: 32/49 MP: 5/11
  4501 | Sewer    | Reached skill level 7 in Necromancy
  4652 | Sewer    | Learned a level 5 spell: Agony
  5500 | D:4      | Reached XP level 7. HP: 44/55 MP: 6/14
  5892 | D:4      | Found a white marble altar of Elyvilon.
  5898 | D:4      | Found a stormy altar of Qazlal.
  5903 | D:4      | Found a glowing silver altar of Zin.
  6181 | D:5      | Entered Level 5 of the Dungeon
  6253 | D:5      | HP: 2/55 [centaur (7)]
  6260 | D:5      | Reached skill level 5 in Spellcasting
  6766 | D:5      | Reached skill level 8 in Necromancy
  6786 | D:5      | Found a burning altar of Makhleb.
  6799 | D:5      | Became a worshipper of Makhleb the Destroyer
  7057 | D:5      | Found a sacrificial altar of Ru.
  7071 | D:5      | Reached skill level 1 in Invocations
  7303 | D:5      | Found a hazy altar of Hepliaklqana.
  7443 | D:6      | Reached skill level 1 in Long Blades
  7443 | D:6      | Reached XP level 8. HP: 39/62 MP: 0/16
  7544 | D:6      | Noticed a +0 hand axe
  7590 | D:6      | Noticed a +0 hand axe
  7594 | D:6      | Found a hide-covered altar of Uskayaw.
  7616 | D:6      | Found a radiant altar of Vehumet.
  8286 | D:6      | Found an ornate altar of the Wu Jian Council.
  8386 | D:6      | Noticed Prince Ribbit
  8396 | D:6      | Killed Prince Ribbit
  8396 | D:6      | Reached skill level 1 in Fighting
  8400 | D:6      | Reached * piety under Makhleb
  8533 | D:6      | Found a runed translucent door.
  8539 | D:6      | Noticed Greyn's ghost (novice TrFi)
  8556 | D:6      | Reached skill level 9 in Necromancy
  8642 | D:6      | Found a staircase to the Ecumenical Temple.
  8649 | D:6      | Got a heavily runed ring mail
  8654 | Temple   | Entered the Ecumenical Temple
  8721 | Temple   | Identified the +5 ring mail of Miufov {rN+} (You found it
                  | on level 6 of the Dungeon)
  8782 | D:6      | Found a shimmering blue altar of Sif Muna.
  8955 | D:6      | Found a runed translucent door.
  9054 | D:6      | Gained mutation: You passively map the area around you.
                  | [Deep Dwarf growth]
  9054 | D:6      | Reached XP level 9. HP: 46/70 MP: 8/18
  9261 | D:6      | Noticed Edmund
  9285 | D:6      | Killed Edmund
  9285 | D:6      | Reached skill level 1 in Armour
  9521 | D:7      | Reached skill level 5 in Invocations
 10095 | D:7      | Found a blossoming altar of Fedhas.
 10220 | D:7      | Found a bloodstained altar of Trog.
 10845 | D:8      | Found Topoowk's Armour Shop.
 11027 | D:8      | Reached XP level 10. HP: 75/84 MP: 20/20
 11045 | D:8      | Reached ** piety under Makhleb
 11303 | D:8      | Found a flagged portal.
 11334 | Bailey   | Entered a bailey
 11351 | Bailey   | Noticed an orc knight
 11442 | Bailey   | Killed an orc knight
 11624 | Bailey   | Reached skill level 5 in Long Blades
 12262 | D:8      | Reached skill level 10 in Necromancy
 12645 | D:9      | Found a staircase to the Lair.
 12832 | D:9      | Reached *** piety under Makhleb
 12861 | D:9      | Reached skill level 5 in Dodging
 13085 | D:9      | Found an iron altar of Okawaru.
 13288 | D:9      | Reached skill level 5 in Armour
 13343 | D:9      | You fall into a shaft and drop 3 floors!
 13438 | D:11     | Noticed Fannar
 13447 | D:11     | Reached XP level 11. HP: 93/93 MP: 22/22
 13464 | D:11     | Killed Fannar
 13467 | D:11     | Reached **** piety under Makhleb
 13642 | D:11     | Noticed Psyche
 13773 | D:11     | Killed Psyche
 13803 | D:10     | Entered Level 10 of the Dungeon
 13851 | D:10     | Noticed a two-headed ogre
 13864 | D:10     | Killed a two-headed ogre
 13877 | D:10     | Found a staircase to the Orcish Mines.
 14066 | D:9      | Found a shadowy altar of Dithmenos.
 14283 | D:9      | Found a sacrificial altar of Ru.
 14362 | D:9      | Found a runed translucent gate.
 14363 | D:9      | Found a runed translucent gate.
 14364 | D:9      | Found a runed translucent gate.
 14365 | D:9      | Noticed 0gre's ghost (novice MiBe)
 14493 | D:9      | Found a glowing golden altar of the Shining One.
 14599 | D:10     | Reached skill level 5 in Fighting
 15273 | D:11     | Noticed a purple ugly thing
 15283 | D:11     | Killed a purple ugly thing
 15595 | D:11     | Noticed a death knight
 15595 | D:11     | Noticed a phantasmal warrior
 15622 | D:11     | Killed a death knight
 15623 | D:11     | Slain by a freezing wraith

Illustrated notes

Levels and vault maps discovered:
D:1:      nzn_arrival_water_spiral, layout_loops_ring
D:2:      layout_loops_ring, marbit_many_paths, grunt_ministairs_11,
          trog_hazing_becter
D:3:      layout_basic, minivault_25, chequers_serial_rivers_large_a
D:4:      layout_basic, minmay_overflow_temple_star_quad,
          cheibrodos_sewer_entry_sluice
D:5:      layout_rooms, old_standard_altar, lemuel_doored_altar, first_ration,
          nrook_pool_corridor, nicolae_ru_awakened_eye
D:6:      layout_loops_corners, lemuel_coloured_pillars_altar,
          dancing_weapons_uskayaw, lemuel_crystal_altar, vehumet_altar_wand_db,
          temple_fountains, ebering_ghost_sewer_f, uniq_edmund,
          uniq_prince_ribbit1
D:7:      layout_loops_ring, fedhas_altar_1, grunt_livestock, bloody_trog
D:8:      layout_loops_corners, enter_bailey_3, serial_shops, shop
D:9:      layout_rooms, okawaru_ov_weapons_minmay, overflow_temple_1_default,
          kennysheep_little_box, lair_entry_dummy,
          gammafunk_ghost_nasty_kobolds,
          nicolae_dithmenos_through_a_glass_darkly
D:10:     layout_roguey, david_orc_2
D:11:     layout_irregular_city, serial_column_ruins, column_ruins_hut,
          column_ruins_hut_pillars, column_ruins_grid_1, column_ruins_grid_1,
          column_ruins_open_tiny_water, column_ruins_open_tiny,
          column_ruins_open_small, enter_trove_0, gammafunk_ghost_nasty_kobolds,
          minmay_fountain_box, uniq_psyche, uniq_fannar
D:12:     minmay_the_grid_triangle_9x9_recursive_3
          [minmay_the_grid_triangle_9x9_wacky_v,
          minmay_the_grid_triangle_9x9_alien,
          minmay_the_grid_triangle_9x9_stretched_checkered,
          minmay_the_grid_triangle_9x9_prize_center,
          minmay_the_grid_triangle_9x9_thin_v,
          minmay_the_grid_triangle_9x9_swiss_cheese,
          minmay_the_grid_triangle_9x9_empty,
          minmay_the_grid_triangle_9x9_subtriangle,
          minmay_the_grid_triangle_9x9_zippers_horizontal], layout_basic,
          serial_shops, shop
Temple:   corrupted_temple

Skill      XL: |  1  2  3  4  5  6  7  8  9 10 11 |
---------------+----------------------------------+-----
Spellcasting   | 2 3 4 5 6 7 |  7.9
Necromancy     | 5 6 7 8 9 10 | 10.9
Invocations    | 2 4 6 7 8 |  8.8
Long Blades    | 1 3 4 5 6 |  6.6
Fighting       | 1 3 4 5 |  5.3
Armour         | 3 5 6 |  6.1
Dodging        | 3 5 6 |  6.3
Stealth        | |  2.4

Action                   |  1- 3 |  4- 6 |  7- 9 | 10-12 || total
-------------------------+-------+-------+-------+-------++-------
Melee: Unarmed           |     1 |       |       |       ||     1
       Dagger            |    12 |   209 |    62 |       ||   283
       Falchion          |       |       |   232 |   564 ||   796
       Whip              |       |       |    27 |       ||    27
 Cast: Pain              |    49 |    75 |    40 |   115 ||   279
       Vampiric Draining |     3 |    50 |   110 |    70 ||   233
       Agony             |       |       |       |     5 ||     5
 Abil: Evoke Flight      |       |       |       |     6 ||     6
  Use: Potion            |       |     6 |     5 |       ||    11
       Scroll            |       |       |     7 |     1 ||     8
 Stab: Sleeping          |     5 |     8 |     1 |       ||    14
  Eat: Chunk             |     3 |    17 |    23 |    19 ||    62
       Ration            |       |       |       |     2 ||     2
Armor: Robe              |     3 |    44 |    41 |       ||    88
       Skin              |       |    80 |       |       ||    80
       Leather armour    |       |       |    27 |       ||    27
       Ring mail         |       |       |    92 |   310 ||   402
Dodge: Dodged            |     4 |   226 |   284 |   531 ||  1045
       Rpst.: Falchion   |       |       |    54 |   140 ||   194
